 Dungeon Crawl Stone Soup version 0.29.1-1-gd02db6906a (webtiles) character file.

Game seed: 8850951691154969773

14866 cdecastro the Thaumaturge (level 12, -1/91 HPs)
             Began as a Djinni Fire Elementalist on Oct 3, 2022.
             Was a Follower of Ashenzari.
             Slain by an azure jelly (5 damage)
             ... in an ice cave on Oct 5, 2022.
             The game lasted 01:08:01 (11401 turns).

cdecastro the Thaumaturge (DjFE)                   Turns: 11401, Time: 01:08:02

Health: -1/91      AC:  8    Str:  7    XL:     12   Next: 50%
Gold:   284        EV: 10    Int: 21    God:    Ashenzari [*.....] SH:  0 Dex: 15

rFire   + . .      SeeInvis .   q - +2 dagger "Lashed Relativism" {venom, Melee, Self} (curse)
rCold   + + +      Faith    .   (no shield)
rNeg    . . .      Spirit   .   X - +0 scale mail {rC+}
rPois   ∞          Reflect  .   I - +1 helmet of Past Mistakes {Rampage Regen+}
rElec   .          Harm     .   U - scarf {rC+ rF+}
rCorr   .          Rampage  +   (no gloves)
Will    +....                   (boots unavailable)
Stlth   +.........              n - amulet of the Astral Seer {Regen+, Self, Melee} (curse)
HPRegen 1.85/turn               W - ring of ice
MPRegen 0.00/turn               V - ring of ice

@: flying
A: sickness immunity, fire resistance 2, cold vulnerability 1, float, innate
caster, HP casting, extra vitality 1
a: Renounce Religion, Curse Item, Shatter the Chains


You were in an ice cave.
You worshipped Ashenzari.
Ashenzari was aware of your devotion.
You visited 2 branches of the dungeon, and saw 13 of its levels.
You also visited: Ice Cave.

You collected 579 gold pieces.
You spent 295 gold pieces at shops.

Inventory:

Hand Weapons
 d - a +0 dagger
 q - the cursed +2 dagger "Lashed Relativism" (weapon) {venom, Melee, Self}
   (You took it off a goblin on level 3 of the Dungeon)

   It poisons the flesh of those it strikes.
   It has a curse which improves the following skills: Melee Combat: Short
   Blades, Long Blades, Axes, Maces & Flails, Polearms, Staves and Unarmed
   Combat.
   Introspection: Fighting and Spellcasting.
 r - a +1 antimagic dagger
 u - a +1 falchion of protection
 E - a +3 flail of protection
 N - a +7 short sword
 O - the +6 quarterstaff of the Thing {speed, rPois Int+3 Dex+3 Stlth+}
   (You found it on level 9 of the Dungeon)

   Attacks with this weapon are significantly faster.
   Int:       It affects your intelligence (+3).
   Dex:       It affects your dexterity (+3).
   rPois:     It protects you from poison.
   Stlth:     It makes you more stealthy.
 S - the +4 rapier of Embarrassment {vorpal, Will+ Int+2}
   (You found it on level 11 of the Dungeon)

   It inflicts extra damage upon your enemies.
   Int:       It affects your intelligence (+2).
   Will:      It increases your willpower.
Missiles
 c - 73 stones
 g - 28 poisoned darts (quivered)
 i - 4 datura-tipped darts
 o - 4 atropa-tipped darts
 A - 3 throwing nets
 L - a boomerang
Armour
 a - a +0 robe
 m - a +0 cloak
 I - the +1 helmet of Past Mistakes (worn) {Rampage Regen+}
   (You bought it in a shop on level 2 of the Dungeon)

   Regen:     It increases your rate of health regeneration.
   Rampage:   It bestows one free step when moving towards enemies.
 T - a +0 pair of gloves
 U - a scarf of resistance (worn)
 X - a +0 scale mail of cold resistance (worn)
Jewellery
 n - the cursed amulet of the Astral Seer (around neck) {Regen+, Self, Melee}
   (You took it off a hobgoblin on level 2 of the Dungeon)

   [amulet of regeneration]

   Regen:     It increases your rate of health regeneration.
   It has a curse which improves the following skills: Introspection: Fighting
   and Spellcasting.
   Melee Combat: Short Blades, Long Blades, Axes, Maces & Flails, Polearms,
   Staves and Unarmed Combat.
 B - a +6 ring of intelligence
 C - an amulet of reflection
 Q - a ring of willpower
 V - a ring of ice (right hand)
 W - a ring of ice (left hand)
Wands
 y - a wand of flame (50)
 F - a wand of light (4)
 G - a wand of iceblast (29)
 K - a wand of mindburst (20)
Scrolls
 b - 11 scrolls of teleportation
 e - 2 scrolls of immolation
 f - 2 scrolls of enchant weapon
 j - a scroll of poison
 k - 2 scrolls of fog
 p - 3 scrolls of blinking
 v - 7 scrolls of identify
 x - a scroll of amnesia
 J - 3 scrolls of fear
Potions
 h - 5 potions of might
 l - 2 potions of haste
 s - 2 potions of heal wounds
 t - 3 potions of brilliance
 w - a potion of mutation
 z - a potion of cancellation
 D - 5 potions of curing
 H - 4 potions of flight
 M - 2 potions of ambrosia
 P - 2 potions of invisibility
 R - a potion of resistance


   Skills:
 - Level 8.6(10.0) Fighting
 - Level 10.0 Dodging
 * Level 3.5 Stealth
 + Level 11.7(13.0) Spellcasting


You had 10 spell levels left.
You knew the following spells:

 Your Spells              Type           Power      Damage    Failure   Level
a - Foxfire               Conj/Fire      100%       2x1d9     1%          1
b - Scorch                Fire           100%       2d10      1%          2
c - Conjure Flame         Conj/Fire      62%        6-21      1%          3
d - Inner Flame           Hex/Fire       62%        N/A       1%          3
e - Flame Wave            Conj/Fire      62%        2d14      3%          4
f - Sandblast             Erth           100%       2d20      1%          1
g - Passwall              Tmut/Erth      51%        N/A       1%          2
h - Teleport Other        Tloc           62%        N/A       1%          3
i - Sticky Flame          Conj/Fire      62%        2d8       3%          4
j - Olgreb's Toxic Radia  Pois           62%        N/A       3%          4
Your spell library was empty.

Dungeon Overview and Level Annotations

Branches:
Dungeon (12/15)            Temple (1/1) D:4            Lair (0/5) D:8
    Orc (0/2) D:12          IceCv (1/1)

Altars:
Ashenzari
Cheibriados
Dithmenos
Elyvilon
Fedhas
Gozag
Hepliaklqana
Makhleb
Nemelex Xobeh
Okawaru
Qazlal
Ru
Trog
Uskayaw
Wu Jian
Xom
Yredelemnul
Zin
The Shining One

Shops:
D:2 [   D:3 *   D:11 [

Annotations:
D:5 3 runed translucent doors, Icepheonix32's ghost, amateur TeAE
D:6 exclusion: steam dragon
D:7 2 exclusions, Maggie
D:10 Maurice
D:11 exclusion: 2 cyclopes


Innate Abilities, Weirdness & Mutations

You are immune to sickness and miasma.
You are immune to poison.
Your flesh is very heat resistant. (rF++)
You are vulnerable to cold. (rC-)
You float through the air rather than walking.
You learn spells naturally, not from books.
Your magical power is your life essence.
You have superior vitality. (+4 MHP)


Message History

Casting: Flame Wave (dangerous; 3% risk of failure)
Press: ? - help, Dir - look around, f - activate A wave of flame ripples out!
The flame wave engulfs the azure jelly!!
The azure jelly is burned terribly!
The azure jelly is moderately wounded. (Press . to intensify the flame waves.)
The azure jelly closely misses you.
The azure jelly hits you but does no damage.
The azure jelly hits you!
* * * LOW HITPOINT WARNING * * *
The azure jelly hits you but does no damage.
A wave of flame ripples out!
The flame wave engulfs the azure jelly!!
The azure jelly is burned terribly!
The azure jelly is severely wounded.
* * * LOW HITPOINT WARNING * * *
The azure jelly misses you. The azure jelly hits you!
* * * LOW HITPOINT WARNING * * *
The azure jelly freezes you. You resist.
* * * LOW HITPOINT WARNING * * *
The azure jelly hits you!
* * * LOW HITPOINT WARNING * * *
The azure jelly barely misses you.
Unknown command.
Unknown command.
Unknown command.
A wave of flame ripples out!
The flame wave engulfs the azure jelly!!
The azure jelly is burned terribly!
The azure jelly is almost dead.
* * * LOW HITPOINT WARNING * * *
You finish channelling waves of flame.
The azure jelly hits you!
* * * LOW HITPOINT WARNING * * *
The azure jelly freezes you! You resist.
* * * LOW HITPOINT WARNING * * *
The azure jelly hits you.
* * * LOW HITPOINT WARNING * * *
The azure jelly freezes you. You resist.
You die...

#..##......#.......#
#.##...#...##.....##
..##..##...##....##
..##..###..###...#
..#..## #..###..####
.##..# ##..##..##.#
.##..## #..##.##..##
..#...# #..##.J....#
..##..####..##..@...#
#..#....##..##......#
#..##...##..##......#
#...#...##...#...#..#
##..##..##...##.##..#
.##.##..##....####..#
..####..##....# #...#
...##...###...###...#
#..#....# ##...#...##


You could see an azure jelly (combustible).

Vanquished Creatures
  An azure jelly (IceCv)
  2 quicksilver oozes (IceCv)
  2 ugly things
  2 ice statues (IceCv)
  A kobold demonologist (D:12)
  A komodo dragon (D:12)
  2 trolls (D:9)
  A hornet (D:9)
  Prince Ribbit (D:7)
  12 slime creatures (IceCv)
  A wraith (D:11)
  14 yaks
  A shadow (D:11)
  A wyvern (D:7)
  A steam dragon (D:9)
  4 vampire mosquitoes (D:12)
  2 death yak simulacra (D:12)
  Edmund (D:6)
  2 water moccasins (D:9)
  An orc warrior (D:9)
  4 great orb of eyes simulacra (IceCv)
  An ice beast (D:5)
  A sky beast (D:8)
  4 ogres
  4 slime creature simulacra (IceCv)
  6 centaurs
  2 kobold brigands
  2 two-headed ogre simulacra (D:12)
  A gnoll sergeant (D:8)
  A necrophage (D:7)
  A scorpion (D:7)
  7 wights (D:8)
  5 killer bees (D:7)
  5 howler monkeys
  A quasit (D:6)
  A gnoll bouda (D:8)
  5 hounds
  An orc priest (D:4)
  3 jellies
  4 iguanas
  A shapeshifter simulacrum (IceCv)
  2 troll simulacra (D:12)
  A wolf simulacrum (D:12)
  15 gnolls
  6 adders
  A naga simulacrum (D:12)
  2 shadow imps
  2 white imps
  A worm (D:2)
  9 orcs
  6 ball pythons
  2 endoplasms
  6 goblins
  7 hobgoblins
  11 jackals
  16 kobolds
  2 quokkas
  6 bats
  6 frilled lizards
  A hobgoblin zombie (D:6)
  2 kobold skeletons (D:6)
  A kobold zombie (D:6)
  2 orc zombies (D:6)
  3 rats
223 creatures vanquished.

Vanquished Creatures (others)
  689 foxfires
689 creatures vanquished.

Grand Total: 912 creatures vanquished

Notes
Turn   | Place    | Note
-------+----------+-------------------------------------------
     0 | D:1      | cdecastro the Djinni Fire Elementalist began the quest for
                  | the Orb.
     0 | D:1      | cdecastro set off with the following spells memorised:
                  | Foxfire, Scorch, Conjure Flame, Inner Flame, Flame Wave.
     0 | D:1      | Reached XP level 1. HP: 15/15 MP: 0/0
   202 | D:1      | Found a faded altar of an unknown god.
   206 | D:1      | Reached XP level 2. HP: 20/22 MP: 0/0
   401 | D:1      | Reached skill level 1 in Fighting
   794 | D:2      | Reached XP level 3. HP: 25/27 MP: 0/0
   794 | D:2      | Learned a level 1 spell: Sandblast
   801 | D:2      | Reached skill level 3 in Spellcasting
   956 | D:2      | Found Deuphif's Antique Armour Emporium.
  1047 | D:2      | Reached XP level 4. HP: 32/33 MP: 0/0
  1592 | D:2      | Reached XP level 5. HP: 37/38 MP: 0/0
  1592 | D:2      | Learned a level 2 spell: Passwall
  1993 | D:3      | Found Okkeurch's General Store.
  2002 | D:3      | Bought a scroll of identify for 20 gold pieces
  2155 | D:3      | Found a shadowy altar of Dithmenos.
  2503 | D:4      | Found a staircase to the Ecumenical Temple.
  2522 | Temple   | Entered the Ecumenical Temple
  2588 | Temple   | Became a worshipper of Ashenzari the Shackled
  2660 | D:4      | Reached skill level 4 in Spellcasting
  2669 | D:4      | Reached XP level 6. HP: 38/45 MP: 0/0
  2914 | D:4      | Noticed an ogre
  3066 | D:4      | Killed an ogre
  3207 | D:4      | Found an ornate altar of the Wu Jian Council.
  3281 | D:5      | Entered Level 5 of the Dungeon
  3409 | D:5      | Reached XP level 7. HP: 46/50 MP: 0/0
  3409 | D:5      | Learned a level 3 spell: Teleport Other
  3505 | D:5      | Found a blossoming altar of Fedhas.
  3728 | D:5      | Found a runed translucent gate.
  3728 | D:5      | Found a runed translucent gate.
  3728 | D:5      | Found a runed translucent gate.
  3728 | D:5      | Noticed Icepheonix32's ghost (amateur TeAE)
  3778 | D:5      | Reached skill level 5 in Spellcasting
  4601 | D:6      | Found a glowing golden altar of the Shining One.
  4663 | D:6      | Noticed a steam dragon
  4779 | D:6      | Reached XP level 8. HP: 59/59 MP: 0/0
  4868 | D:6      | Reached skill level 6 in Spellcasting
  4929 | D:6      | Found a hazy altar of Hepliaklqana.
  5024 | D:6      | Noticed Edmund
  5046 | D:6      | Killed Edmund
  5047 | D:6      | Reached skill level 5 in Fighting
  5189 | D:6      | Found an opulent altar of Gozag.
  5290 | D:7      | Noticed a wyvern
  5514 | D:7      | Reached skill level 7 in Spellcasting
  5514 | D:7      | Reached XP level 9. HP: 56/66 MP: 0/0
  5514 | D:7      | Learned a level 4 spell: Sticky Flame
  5530 | D:7      | Noticed Maggie
  5576 | D:7      | Noticed Prince Ribbit
  5596 | D:7      | Killed Prince Ribbit
  5700 | D:7      | Reached * piety under Ashenzari
  5829 | D:2      | Bought a transparent helmet for 275 gold pieces
  5829 | D:2      | Identified the +1 helmet of Past Mistakes {Rampage Regen+}
                  | (You bought it in a shop on level 2 of the Dungeon)
  6012 | D:7      | Found a white marble altar of Elyvilon.
  6621 | D:8      | Reached skill level 8 in Spellcasting
  6822 | D:8      | Found a staircase to the Lair.
  7085 | D:8      | Reached XP level 10. HP: 62/77 MP: 0/0
  7295 | D:9      | Found a stormy altar of Qazlal.
  7510 | D:9      | Identified the +6 quarterstaff of the Thing {speed, rPois
                  | Int+3 Dex+3 Stlth+}
  7578 | D:9      | Reached skill level 9 in Spellcasting
  8245 | D:10     | Entered Level 10 of the Dungeon
  8453 | D:10     | Reached skill level 10 in Spellcasting
  8472 | D:10     | Reached XP level 11. HP: 44/85 MP: 0/0
  8472 | D:10     | Learned a level 4 spell: Olgreb's Toxic Radiance
  8928 | D:10     | Noticed Maurice
  9185 | D:11     | Identified the +4 rapier of Embarrassment {vorpal, Will+
                  | Int+2}
  9298 | D:11     | Found Hyreurch's Antique Armour Emporium.
  9505 | D:11     | Noticed a cyclops
  9570 | D:11     | Noticed a cyan ugly thing
  9575 | D:11     | HP: 2/85 [cyan ugly thing (16)]
  9576 | D:11     | Killed a cyan ugly thing
  9577 | D:11     | Reached skill level 5 in Dodging
  9625 | D:11     | Noticed a cyclops
  9897 | D:12     | Noticed a green ugly thing
  9912 | D:12     | Killed a green ugly thing
  9928 | D:12     | Found a staircase to the Orcish Mines.
  9943 | D:12     | Reached skill level 11 in Spellcasting
  9983 | D:12     | Found a frozen archway.
 10034 | IceCv    | Entered an ice cave
 10344 | IceCv    | Noticed a quicksilver ooze
 10351 | IceCv    | Killed a quicksilver ooze
 10352 | IceCv    | Reached XP level 12. HP: 85/91 MP: 0/0
 11153 | IceCv    | Noticed a quicksilver ooze
 11159 | IceCv    | Killed a quicksilver ooze
 11160 | IceCv    | Reached skill level 10 in Dodging
 11342 | IceCv    | Found a viscous altar of Jiyva.
 11342 | IceCv    | Noticed an azure jelly
 11352 | IceCv    | Killed an azure jelly
 11385 | IceCv    | Noticed an azure jelly
 11401 | IceCv    | HP: 4/91 [azure jelly (5)]
 11401 | IceCv    | Slain by an azure jelly

Illustrated notes

Levels and vault maps discovered:
D:1:      scummos_arrival_checkerplants, layout_rooms,
          hellmonk_ecumenical_altar_blasted, serial_corexii_hall,
          corexii_hall_statues_i, corexii_hall_statues_s,
          corexii_hall_statues_l, corexii_hall_statues_i
D:2:      layout_rooms, serial_shops, nicolae_shop_hallway_stairs
D:3:      layout_rooms, grunt_dithmenos_smoke, serial_shops, shop
D:4:      layout_rooms, lemuel_round_altar, minmay_temple_entry_nine_rooms
D:5:      layout_cave_pods, mainiacjoe_overflow_concentric_impassable,
          ebering_ghost_rock_garden
D:6:      layout_basic, nicolae_tso_besieged_by_evil, kennysheep_mini,
          general_overflow_altar, uniq_edmund
D:7:      layout_loops_ring, elyvilon_altar_3, uniq_prince_ribbit1, uniq_maggie
D:8:      layout_rooms, lair_entry_dummy, patterned_corridor
D:9:      layout_gridville, mainiacjoe_overflow_tiny_flanked,
          serial_co_window_serial, co_window_paths_b, co_window_paths_a,
          co_window_paths_a, co_window_corner_a, co_window_cross_1,
          co_window_broadway_c, co_window_unsneaky_path_d, co_window_broadway_b,
          co_window_broadway_a, co_window_broadway_a, co_window_2corner,
          glass_columns_c, glass_columns_c, minmay_misc_feat_plants,
          grunt_ministairs_1
D:10:     layout_long_grid, uniq_maurice
D:11:     layout_irregular_city, serial_shops, nicolae_shop_hallway_plus,
          hangedman_abyss_or_decor_passed
D:12:     layout_irregular_city, orc_0_dummy,
          portal_ice_cave_entry_ice_simulacra, uniq_erolcha
Temple:   eino_temple_lava
IceCv:    ice_cave_hellmonk_azure_passage

Skill      XL: |  1  2  3  4  5  6  7  8  9 10 11 12 |
---------------+-------------------------------------+-----
Fighting       | 1 2 3 4 5 7 8 |  8.6
Spellcasting   | 3 4 5 7 8 10 11 | 11.7
Dodging        | 9 10 | 10.0
Stealth        | 3 |  3.5

Action                   |  1- 3 |  4- 6 |  7- 9 | 10-12 || total
-------------------------+-------+-------+-------+-------++-------
Melee: Dagger            |       |     5 |    14 |     3 ||    22
       Punch             |       |       |     1 |       ||     1
Throw: Dart              |       |     2 |       |     6 ||     8
 Cast: Foxfire           |    36 |    72 |   121 |   162 ||   391
       Scorch            |       |     7 |    53 |   150 ||   210
       Conjure Flame     |       |       |     9 |    16 ||    25
       Inner Flame       |       |       |     2 |     8 ||    10
       Flame Wave        |       |       |     3 |    11 ||    14
       Sticky Flame      |       |       |       |    18 ||    18
       Olgreb's Toxic Ra |       |       |       |     6 ||     6
       Passwall          |       |       |       |     1 ||     1
Invok: Curse Item        |       |       |     2 |       ||     2
  Use: Scroll            |       |     3 |       |       ||     3
       Potion            |       |       |       |     1 ||     1
 Stab: Sleeping          |       |     1 |       |       ||     1
Armor: Robe              |     6 |     8 |    18 |    22 ||    54
       Scale mail        |       |       |       |    19 ||    19
Dodge: Dodged            |    11 |    16 |    51 |    82 ||   160
